 Dungeon Crawl Stone Soup version 0.27-a0-249-g74f53ef629 (webtiles) character file.

Game seed: 12533854133527937650

39 Borgoz the Slasher (level 3, -2/30 HPs)
             Began as a Ghoul Gladiator on Feb 3, 2021.
             Slain by an orc (3 damage)
             ... on level 3 of the Dungeon.
             The game lasted 00:01:26 (1863 turns).

Borgoz the Slasher (Ghoul Gladiator)                Turns: 1863, Time: 00:01:27

Health: -2/30      AC:  4    Str: 15 (17) XL:     3   Next: 47%
Magic:  2/2        EV: 12    Int:  1 (3)  God:
Gold:   150        SH:  0    Dex: 10 (11) Spells: 2/2 levels left

rFire    . . .     SeeInvis .   a - +0 long sword
rCold    + . .     Faith    .   (no shield)
rNeg     + + +     Spirit   .   b - +0 leather armour
rPois    ∞         Reflect  .   c - +0 helmet
rElec    .         Harm     .   (no cloak)
rCorr    .         Rampage  .   (no gloves)
Will     .....                  (no boots)
Stlth    +.........             (no amulet)
HPRegen  0.00/turn              (no ring)
MPRegen  0.08/turn              (no ring)

@: brilliant, attractive, flying
A: claws 1, cold resistance 1, negative energy resistance 3, inhibited
regeneration, torment resistance, unbreathing
a: no special abilities


You were on level 3 of the Dungeon.
You visited 1 branch of the dungeon, and saw 3 of its levels.

You collected 150 gold pieces.

Inventory:

Hand Weapons
 a - a +0 long sword (weapon)
Missiles
 d - 3 throwing nets (quivered)
Armour
 b - a +0 leather armour (worn)
 c - a +0 helmet (worn)
Scrolls
 g - 3 scrolls of remove curse
 i - a scroll of fear
 j - 4 scrolls of identify {unknown}
 k - a scroll of teleportation
Potions
 e - 2 potions of brilliance
 h - 2 potions of degeneration


   Skills:
 + Level 2.6 Fighting
 * Level 3.2 Long Blades
 - Level 1.7 Throwing
 + Level 1.0 Armour
 + Level 3.0 Dodging


You had 2 spell levels left.
You didn't know any spells.
Your spell library contained the following spells:

 Spells                   Type           Power        Failure   Level
 Animate Skeleton         Necr           0%           65%         1
 Apportation              Tloc           0%           65%         1
 Corona                   Hex            0%           65%         1
 Summon Small Mammal      Summ           0%           65%         1


Dungeon Overview and Level Annotations

Branches:
Dungeon (3/15)

Altars:
Fedhas
Trog


Innate Abilities, Weirdness & Mutations

You thrive by killing the living.
You are immune to poison.
You have sharp fingernails.
Your flesh is cold resistant. (rC+)
You are immune to negative energy. (rN+++)
You do not regenerate when monsters are visible.
You are immune to unholy pain and torment.
You can survive without breathing.


Message History

You feel very buoyant.
You fly up into the air.
The orc hits you but does no damage. The orc barely misses you.
It was a potion of attraction.
You feel attractive to monsters. The orc hits you. The orc barely misses you.
You barely miss the orc. The orc hits you but does no damage.
The orc hits you with a +0 war axe!
* * * LOW HITPOINT WARNING * * *
You hit the orc.
The orc is severely wounded.
The orc closely misses you. The orc barely misses you.
You barely miss the orc.
The orc is severely wounded.
The orc hits you.
* * * LOW HITPOINT WARNING * * *
The orc hits you with a +0 war axe.
* * * LOW HITPOINT WARNING * * *
The orc hits you.
You die...

#..# #..#
##..######
#........# #
#<^....... +.
#......... ..
#.....#...
+##.#o##.#..#
.....{o@$...#
#.#.####o##...#
#.# .### ... #
.... ####. .# #


You could see 3 orcs.

Vanquished Creatures
  2 adders (D:2)
  An ooze (D:1)
  6 hobgoblins
  A bat (D:2)
  A frilled lizard (D:1)
  2 goblins (D:1)
  A kobold (D:1)
  5 rats
19 creatures vanquished.

Notes
Turn   | Place    | Note
-------+----------+-------------------------------------------
     0 | D:1      | Borgoz the Ghoul Gladiator began the quest for the Orb.
     0 | D:1      | Reached XP level 1. HP: 17/17 MP: 0/0
   401 | D:1      | Reached XP level 2. HP: 25/25 MP: 1/1
   936 | D:2      | Found a bloodstained altar of Trog.
  1119 | D:2      | Found a blossoming altar of Fedhas.
  1306 | D:2      | Reached XP level 3. HP: 28/30 MP: 2/2
  1490 | D:2      | Reached skill level 1 in Armour
  1863 | D:3      | HP: 1/30 [orc/+0 war axe (4)]
  1863 | D:3      | Slain by an orc

Illustrated notes

Levels and vault maps discovered:
D:1:      eino_arrival_druids_welcome, layout_basic, minmay_misc_feat_encased
D:2:      layout_basic, bloody_trog, fedhas_ov_isle_minmay
D:3:      layout_basic, lemuel_round_altar, chequers_ecumenical_altar_island,
          minmay_misc_feat_doors, uniq_robin

Skill      XL: |  1  2  3 |
---------------+----------+-----
Long Blades    | 3 |  3.2
Armour         | 1 |  1.0
Dodging        | 3 |  3.0
Fighting       | |  2.6
Throwing       | |  1.7

Action                   || total
-------------------------++-------
Melee: Long sword        ||    65
  Use: Scroll            ||     5
       Potion            ||     4
Armor: Leather armour    ||    21
Dodge: Dodged            ||    58
       Rpst.: Long sword ||    14

Table legend: (Time is in decaauts)
 A = Elapsed time spent in this place.
 B = Non-inter-level travel time spent in this place.
 C = Inter-level travel time spent in this place.
 D = Time resting spent in this place.
 E = Time spent auto-exploring this place.
 F = Levels seen in this place.
 G = Mean time per level.
                   A        B        C        D        E       F      G
               +--------+--------+--------+--------+--------+-----+--------+
         Total |   1878 |   1795 |     83 |    100 |   1500 |   3 |  626.0 |
       Dungeon |   1878 |   1795 |     83 |    100 |   1500 |   3 |  626.0 |
               +--------+--------+--------+--------+--------+-----+--------+

Top non-repeatable levels by time:
     D:2: 964 daAuts
     D:1: 901 daAuts
     D:3: 13 daAuts
